 Dungeon Crawl Stone Soup version 0.31-a0-1-g4198be8af4 (webtiles) character file.

Game seed: 4945502112946536870

8 Jarnaxa the Grave Robber (level 2, -4/15 HPs)
             Began as a Deep Elf Necromancer on May 3, 2023.
             Slain by a quokka (5 damage)
             ... on level 1 of the Dungeon.
             The game lasted 00:01:10 (108 turns).

Jarnaxa the Grave Robber (Deep Elf Necromancer)      Turns: 108, Time: 00:01:11

Health: -4/15      AC:  2    Str:  5    XL:     2   Next: 0%
Magic:  1/8        EV: 12    Int: 19    God:
Gold:   0          SH:  0    Dex: 15    Spells: 6/7 levels left

rFire   . . .        (no weapon)
rCold   . . .        (no shield)
rNeg    . . .        a - +0 robe
rPois   .            (no helmet)
rElec   .            (no cloak)
rCorr   .            (no gloves)
SInv    .            (no boots)
Will    .....        (no amulet)
Stlth   ++           (no ring)
HPRegen 0.22/turn    (no ring)
MPRegen 0.11/turn

%: no passive effects
@: no status effects
A: no striking features
a: no special abilities


You were on level 1 of the Dungeon.
You visited 1 branch of the dungeon, and saw 1 of its levels.

Inventory:

Armour
 a - a +0 robe (worn)
Scrolls
 c - a scroll of brand weapon {unknown}
Potions
 b - a potion of magic


   Skills:
 + Level 2.4 Dodging
 + Level 2.4 Stealth
 + Level 3.1 Spellcasting
 + Level 5.3 Necromancy


You had 6 spell levels left.
You knew the following spells:

 Your Spells              Type           Power      Damage    Failure   Level
a - Necrotise             Necr           92%        1d8       1%          1

Your spell library contained the following spells:

 Spells                   Type           Power      Damage    Failure   Level
 Vampiric Draining        Necr           23%        2d7       4%          3
 Animate Dead             Necr           23%        N/A       17%         4
 Agony                    Necr           23%        N/A       43%         5


Dungeon Overview and Level Annotations

Branches:
Dungeon (1/15)

Altars:


Message History

Aiming: Necrotise (safe; 1% risk of failure)
Press: ? - help, Shift-Dir - straight line, f/p - jackal
Aim: a jackal (almost dead, not watching you, ally target, chance to affect: 91%)
The quokka writhes in agony.
The jackal bites something.
Your frilled lizard skeleton barely misses the jackal.
Your jackal skeleton bites the quokka.
The quokka misses you.
Your jackal skeleton closely misses the jackal.
You miss the quokka.
The quokka is severely wounded.
The jackal bites something.
Your jackal skeleton barely misses the quokka.
The quokka completely misses you.
Your jackal skeleton closely misses the jackal.
Your frilled lizard skeleton completely misses the jackal.
The jackal bites your frilled lizard skeleton.
You miss the quokka.
The quokka is severely wounded.
The quokka barely misses you.
Your jackal skeleton misses the quokka.
The jackal bites your frilled lizard skeleton.
Your frilled lizard skeleton is destroyed!
Your jackal skeleton closely misses the jackal.
Unknown command.
You closely miss the quokka.
The quokka is severely wounded.
Your jackal skeleton crumbles into dust!
Your jackal skeleton misses the quokka.
The quokka barely misses you. x2
The jackal bites your jackal skeleton.
Your jackal skeleton is destroyed!
Unknown command.
You hit the quokka but do no damage.
The quokka is severely wounded.
The quokka bites you.
* * * LOW HITPOINT WARNING * * *
You miss the quokka.
The quokka is severely wounded.
The quokka misses you.
You hit the quokka.
The quokka is almost dead.
The quokka bites you.
You die...

........# .......#
. .... ....#..#..
..... ###.......
##... .........
#....##......#
$.....#.##...# #
#.......##...# ..#
.. #..$@rh).#...#
#. #...##.#.....#
#..#....#Z.#....#
#.......##......#
#........##..###..
######.....#.#
#######
##.#...##...
##.....#
###....### ...
##.....####......#
.....


You could see a quokka and a jackal.

Vanquished Creatures
  A bat (D:1)
  An endoplasm (D:1)
  3 jackals (D:1)
  A frilled lizard (D:1)
6 creatures vanquished.

Vanquished Creatures (collateral kills)
  A kobold (D:1)
1 creature vanquished.

Grand Total: 7 creatures vanquished

Notes
Turn   | Place    | Note
-------+----------+-------------------------------------------
     0 | D:1      | Jarnaxa the Deep Elf Necromancer began the quest for the
                  | Orb.
     0 | D:1      | Reached XP level 1. HP: 10/10 MP: 6/6
    53 | D:1      | Reached skill level 5 in Necromancy
   100 | D:1      | Reached XP level 2. HP: 6/15 MP: 1/8
   108 | D:1      | Slain by a quokka

Illustrated notes

Levels and vault maps discovered:
D:1:      dpeg_arrival_arbitrary_a, layout_basic

Skill      XL: |  1 |
---------------+----+-----
Necromancy     | 5 |  5.3
Dodging        | |  2.4
Stealth        | |  2.4
Spellcasting   | |  3.1

Action                     || total
---------------------------++-------
  Melee: Unarmed           ||     7
   Cast: Necrotise         ||     9
 Armour: Robe              ||     3
  Dodge: Dodged            ||    11

Table legend: (Time is in decaauts)
 A = Elapsed time spent in this place.
 B = Non-inter-level travel time spent in this place.
 C = Inter-level travel time spent in this place.
 D = Time resting spent in this place.
 E = Time spent auto-exploring this place.
 F = Levels seen in this place.
 G = Mean time per level.
                   A        B        C        D        E       F      G
               +--------+--------+--------+--------+--------+-----+--------+
         Total |    108 |    104 |      4 |      0 |     67 |   1 |  108.0 |
       Dungeon |    108 |    104 |      4 |      0 |     67 |   1 |  108.0 |
               +--------+--------+--------+--------+--------+-----+--------+

Top non-repeatable levels by time:
     D:1: 108 daAuts
